 Dungeon Crawl Stone Soup version 0.20.1-1-g8b1a95d (webtiles) character file.

201 pskda the Covered (level 5, 0/28 HPs)
             Began as a Vine Stalker Fighter on Nov 18, 2017.
             Slain by an ice beast (11 damage)
             ... on level 3 of the Dungeon on Nov 20, 2017.
             The game lasted 00:09:54 (1846 turns).

pskda the Covered (Vine Stalker Fighter)            Turns: 1846, Time: 00:09:55

Health: 0/28       AC:  7    Str: 20    XL:     5   Next: 79%
Magic:  0/6        EV:  7    Int:  8    God:
Gold:   57         SH:  9    Dex: 13    Spells: 4/4 levels left

rFire    . . .     SeeInvis .   a - +0 rapier
rCold    . . .     Gourm    .   c - +0 shield
rNeg     . . .     Faith    .   b - +0 scale mail
rPois    .         Spirit   +   (no helmet)
rElec    .         Reflect  .   (no cloak)
rCorr    .         Harm     .   (no gloves)
MR       .....                  (no boots)
Stlth    ..........             (no amulet)
Regen    0.5/turn               (no ring)
MPRegen  0.1/turn               (no ring)

@: no status effects
A: fangs 2, regeneration 1, magic shield, antimagic bite, no potion heal 3, rot
immunity
a: no special abilities


You were on level 3 of the Dungeon.
You were not hungry.

You visited 1 branch of the dungeon, and saw 3 of its levels.

You collected 57 gold pieces.

Inventory:

Hand Weapons
 a - a +0 rapier (weapon)
Armour
 b - a +0 scale mail (worn)
 c - a +0 shield (worn)
Jewellery
 o - a cursed amulet of inaccuracy
Wands
 n - a wand of flame (38/48)
Scrolls
 f - a scroll of random uselessness {unknown}
 h - a scroll of recharging {unknown}
 i - a scroll of remove curse {unknown}
 k - 2 scrolls of identify
 l - a scroll of enchant weapon {unknown}
Potions
 d - a potion of might
 e - 2 potions of berserk rage {unknown}
 g - 6 potions of curing {unknown}
 m - 2 potions of haste {unknown}
Comestibles
 j - a meat ration


   Skills:
 - Level 3.0 Fighting
 + Level 3.6 Short Blades
 + Level 4.0 Armour
 - Level 2.8 Shields


You had 4 spell levels left.
You didn't know any spells.

Dungeon Overview and Level Annotations

Branches:
Dungeon (3/15)

Altars:
Elyvilon
Fedhas
Gozag
Makhleb
Nemelex Xobeh
Ru
Trog
Uskayaw
Vehumet
Zin
The Shining One


Innate Abilities, Weirdness & Mutations

You have extremely sharp teeth.
Your natural rate of healing is unusually fast.
When hurt, damage is shared between your health and your magic reserves.
Your bite disrupts and absorbs the magic of your enemies.
Potions cannot restore your health.
You are immune to rotting.


Message History

The ice beast barely misses you.
You hit the ice beast. Your bite misses the ice beast.
The ice beast is severely wounded.
The ice beast hits you but does no damage.
You barely miss the ice beast.
You bite the ice beast, but do no damage.
The ice beast is severely wounded.
The ice beast hits you but does no damage.
You block the ice beast's attack.
Your shield and scale mail prevent you from hitting the ice beast.
You bite the ice beast. You drain its power.
The ice beast is severely wounded.
The ice beast hits you but does no damage.
You closely miss the ice beast.
The ice beast is severely wounded.
The ice beast hits you. The ice beast freezes you!
You hit the ice beast.
The ice beast is almost dead.
The ice beast hits you. The ice beast freezes you!
You die...

### #.# #########.#
#........Y@#
#.########.#
#######.# #......#
....#...# #.#...##
....#...###'#...#
....#...#.......###
..............((...
####...............
...#..........######.


You could see an ice beast.

Vanquished Creatures
  Jessica (D:2)
  Terence (D:2)
  Robin (D:3)
  4 adders (D:2)
  2 oozes (D:1)
  3 worms (D:2)
  A dart slug (D:2)
  3 leopard geckos
  8 bats
  2 giant cockroaches
  19 goblins
  9 hobgoblins
  6 jackals (D:2)
  8 kobolds
  A quokka (D:2)
  7 frilled lizards
  6 rats
82 creatures vanquished.

Notes
Turn   | Place    | Note
-------+----------+-------------------------------------------
     0 | D:1      | pskda the Vine Stalker Fighter began the quest for the Orb.
     0 | D:1      | Reached XP level 1. HP: 11/11 MP: 2/2
   169 | D:1      | Reached XP level 2. HP: 16/16 MP: 3/3
   387 | D:1      | Reached XP level 3. HP: 15/20 MP: 4/4
   817 | D:2      | Noticed Terence
   833 | D:2      | Reached skill level 3 in Armour
   841 | D:2      | Killed Terence
   841 | D:2      | Gained mutation: Your natural rate of healing is unusually fast. [Vine Stalker growth]
   841 | D:2      | Reached XP level 4. HP: 15/24 MP: 3/5
  1054 | D:2      | Found a sparkling altar of Nemelex Xobeh.
  1142 | D:2      | Found a hide-covered altar of Uskayaw.
  1148 | D:2      | Found a sacrificial altar of Ru.
  1150 | D:2      | Found a blossoming altar of Fedhas.
  1150 | D:2      | Found a glowing silver altar of Zin.
  1150 | D:2      | Found a burning altar of Makhleb.
  1151 | D:2      | Found a bloodstained altar of Trog.
  1153 | D:2      | Found a glowing golden altar of the Shining One.
  1154 | D:2      | Found a radiant altar of Vehumet.
  1155 | D:2      | Found a white marble altar of Elyvilon.
  1156 | D:2      | Found an opulent altar of Gozag.
  1235 | D:2      | Reached XP level 5. HP: 22/28 MP: 3/6
  1552 | D:2      | Noticed Jessica
  1560 | D:2      | Killed Jessica
  1707 | D:3      | Noticed Robin
  1732 | D:3      | Killed Robin
  1815 | D:3      | Reached skill level 4 in Armour
  1833 | D:3      | Noticed an ice beast
  1846 | D:3      | Slain by an ice beast

Skill      XL: |  1  2  3  4  5 |
---------------+----------------+-----
Short Blades   | 2 3 |  3.6
Fighting       | 3 |  3.0
Armour         | 3 4 |  4.0
Shields        | |  2.8

Action                   |  1- 3 |  4- 6 || total
-------------------------+-------+-------++-------
Melee: Rapier            |    98 |   147 ||   245
       Bite              |    26 |    34 ||    60
  Use: Scroll            |       |     1 ||     1
  Eat: Bread ration      |       |     1 ||     1
Armor: Scale mail        |    60 |    65 ||   125
Dodge: Dodged            |    45 |    62 ||   107
Block: Shield            |    61 |    75 ||   136
